 Dungeon Sprint DCSS version 0.31-a0-960-g0fca184906 (webtiles) character file.

Game seed: 10496245017129657329

779 BigDaddyOpFi the Demonic Disaster (level 7, -34/6 HPs)
             Began as a Demonspawn Monk on Oct 23, 2023.
             Was a Believer of Qazlal.
             Killed from afar by a deep elf pyromancer (40 damage)
             ... with a bolt of fire
             ... in the Dungeon (Sprint V: "Ziggurat Sprint").
             The game lasted 00:01:21 (227 turns).

BigDaddyOpFi the Demonic Disaster (Demonspawn Monk)  Turns: 227, Time: 00:01:22

Health: -34/6      AC:  1    Str: 14    XL:     7   Next: 54%
Magic:  7/14       EV: 13    Int: 11    God:    Qazlal [**....]
Gold:   0          SH: 32    Dex: 27    Spells: 6/6 levels left

rFire   . . .        D - +16 obsidian axe {drain, demonic, Mesm Drain Fly SInv}
rCold   . . .        F - +18 shield of the Gong {Loud rN+ Will+ rCorr EV-5}
rNeg    + . .        E - melded +15 Maxwell's patent armour {-Cast -Tele rElec Will+ rCorr}
rPois   .            (helmet restricted)
rElec   .            (no cloak)
rCorr   +            (no gloves)
SInv    +            (no boots)
Will    +....        (no amulet)
Stlth   ++           x - +6 ring of dexterity
HPRegen 0.21/turn    y - +6 ring of dexterity
MPRegen 0.14/turn

%: no teleportation
@: maw-form, flying, mesmerised, hasted, very quick
A: devouring maw, reduced hp, antennae 2, rugged brown scales 1
a: Begin Untransformation, Renounce Religion, Upheaval


You were in the Dungeon.
You worshipped Qazlal.
Qazlal was pleased with you.
You were a creature with a mouth for a stomach.
You visited 1 branch

Inventory:

Hand Weapons
 D - the +16 obsidian axe (weapon) {drain, demonic, Mesm Drain Fly SInv}
   (You found it in the Dungeon)

   Mesm:      Its wielder is mesmerised by any visible foes, and it cannot be
   unequipped while any foes are visible.
   SInv:      It lets you see invisible.
   Fly:       It grants you flight.
   Drain:     It drains your maximum health when unequipped.
Armour
 E - the +15 Maxwell's patent armour (melded) {-Cast -Tele rElec Will+ rCorr}
   (You found it in the Dungeon)

   rElec:     It insulates you from electricity.
   Will+:     It increases your willpower.
   -Cast:     It prevents spellcasting.
   -Tele:     It prevents most forms of teleportation.
   rCorr:     It protects you from acid and corrosion.
 F - the +18 shield of the Gong (worn) {Loud rN+ Will+ rCorr EV-5}
   (You found it in the Dungeon)

   Loud:      It is deafeningly noisy when blocking attacks.
   EV-5:      It affects your evasion (-5).
   rN+:       It protects you from negative energy.
   Will+:     It increases your willpower.
   rCorr:     It protects you from acid and corrosion.
Jewellery
 w - a ring of flight
 x - a +6 ring of dexterity (left hand)
 y - a +6 ring of dexterity (right hand)
 z - a +6 ring of intelligence
 A - a +6 ring of intelligence
 B - a +6 ring of strength
 C - a +6 ring of strength
Talismans
 G - a maw talisman (active)
Wands
 b - a wand of digging (8)
 t - a wand of mindburst (7)
 u - a wand of iceblast (7)
 v - a wand of quicksilver (7)
Scrolls
 a - a scroll of brand weapon
 j - 4 scrolls of blinking
 p - 4 scrolls of amnesia
 q - 7 scrolls of fog
 r - 5 scrolls of identify
 s - 2 scrolls of fear
Potions
 c - a potion of ambrosia
 e - 10 potions of curing
 f - 10 potions of heal wounds
 g - 5 potions of haste
 h - 7 potions of magic
 i - 3 potions of berserk rage
 k - 2 potions of brilliance
 l - 2 potions of invisibility
 m - 4 potions of resistance
 o - 5 potions of might


   Skills:
 + Level 8.8 Fighting
 + Level 8.0 Short Blades
 - Level 2.4 Armour
 + Level 8.0 Dodging
 - Level 2.4 Shields
 + Level 10.6 Invocations


You had 6 spell levels left.
You didn't know any spells.
Your spell library was empty.

Dungeon Overview and Level Annotations

Branches:
Dungeon (1/1)

Altars:
Ashenzari
Cheibriados
Dithmenos
Fedhas
Gozag
Hepliaklqana
Kikubaaqudgha
Makhleb
Nemelex Xobeh
Okawaru
Qazlal
Ru
Sif Muna
Trog
Uskayaw
Vehumet
Wu Jian
Xom
Yredelemnul
Jiyva
Lugonu

Annotations:
D 1 transporter


Innate Abilities, Weirdness & Mutations

You are a creature with a mouth for a stomach.
Your midsection houses a second, enormous mouth.
Your maximum health is decreased, since you lack skill for your form.
You have a pair of antennae on your head.
You are partially covered in rugged brown scales. (AC +1, +3% HP)


Message History

a - a scroll of brand weapon
b - a wand of digging (8)
There is a transporter here.
Welcome to arena 2.
You enter the transporter and appear at another place.
A deep elf archer and 2 deep elf pyromancers come into view.
Visions of slaying the deep elf archer flood into your mind.
Found a There-And-Back Book, a +3 heavy spear and a book of Winter.
Found a transporter.
The deep elf pyromancer shouts!
The deep elf archer shouts!
The deep elf pyromancer casts a spell.
Visions of slaying the deep elf pyromancer flood into your mind.
You block the deep elf archer's attack.
GONNNNG!
You block the deep elf pyromancer's attack.
PANG!
The deep elf pyromancer gestures wildly while chanting.
The deep elf pyromancer blinks!
You miss the deep elf archer.
You bite the deep elf archer, but do no damage.
You slash the deep elf pyromancer!
Visions of slaying the deep elf archer flood into your mind.
You block the deep elf pyromancer's attack.
GONNNNG!
You block the deep elf archer's attack.
GONNNNG!
You block the fire elemental's attack.
GONNNNG!
You hit the deep elf archer. Your bite misses the deep elf archer.
The deep elf archer is lightly wounded.
You slash the deep elf pyromancer! You slice the deep elf pyromancer!!
You open a gate to Pandemonium!
A demon appears!
You closely miss the fire elemental. You block the fire elemental's attack.
BONNNG!
You block the deep elf archer's attack.
PTOANNNG!
The deep elf pyromancer points at you and mumbles some strange words.
The bolt of fire hits you!!!
Ouch! That really hurt!
You die...

▓▓▓▓▓▓▓▓▓▓▓▓▓
▓.8©8.▓.8©8.▓
▓.::§°▓.....▓
▓.eeE.▓..3..▓
▓.§We.▓{)[..▓
▓4.☼..▓.....▓
▓.....▓..©..▓
▓..©..▓▓▓▓▓▓▓
▓▓▓▓▓▓▓ {{{ {
{


You could see a deep elf archer (mesmerising, repels missiles), 2 deep elf
pyromancers, a fire elemental (summoned) and a friendly ice devil (summoned).

Vanquished Creatures
  A two-headed ogre (D)
  A troll (D)
2 creatures vanquished.

Notes
Turn   | Place    | Note
-------+----------+-------------------------------------------
     0 | D        | BigDaddyOpFi the Demonspawn Monk began the quest for the
                  | Orb.
     0 | D        | Reached XP level 1. HP: 18/18 MP: 1/1
     2 | D        | Found a blossoming altar of Fedhas.
     2 | D        | Found the +6 Majin-Bo {spellvamp, MP+6 Int+6}
     2 | D        | Found the +27 heavy crossbow "Sniper" {heavy, Acc+∞ SInv}
     2 | D        | Found the +10 dark maul {heavy}
     2 | D        | Found the +15 Maxwell's patent armour {-Cast -Tele rElec
                  | Will+ rCorr}
     2 | D        | Found the +18 shield of the Gong {Loud rN+ Will+ rCorr
                  | EV-5}
     2 | D        | Found the +16 obsidian axe {drain, demonic, Mesm Drain Fly
                  | SInv}
     2 | D        | Found the +7 great mace "Firestarter" {flame, immolate,
                  | rFlCloud rF++}
     2 | D        | Found the +6 shillelagh "Devastator" {shatter}
     2 | D        | Found the +11 plutonium sword {Contam Stlth-}
     2 | D        | Found the +8 lance "Wyrmbane" {slay drac, rPois rF+ rC+
                  | AC+3}
     2 | D        | Found the +9 sword of Zonguldrok {reap}
     2 | D        | Found the +13 scythe of Curses {drain, curses, Drain}
     2 | D        | Found the +9 sword of Power {lifebolt}
     2 | D        | Found the +7 mace of Variability {chaos, chaos arc}
     2 | D        | Found the +11 Singing Sword {sonic wave}
     2 | D        | Found the +8 storm bow {elec, penet}
     5 | D        | Found a shimmering blue altar of Sif Muna.
     5 | D        | Found a sacrificial altar of Ru.
     5 | D        | Found a bloodstained altar of Trog.
     5 | D        | Found a stormy altar of Qazlal.
     5 | D        | Found an iron altar of Okawaru.
     5 | D        | Found a sparkling altar of Nemelex Xobeh.
     7 | D        | Found a transporter.
     7 | D        | Found an ancient bone altar of Kikubaaqudgha.
     7 | D        | Found a viscous altar of Jiyva.
     7 | D        | Found a corrupted altar of Lugonu.
     7 | D        | Found a hazy altar of Hepliaklqana.
     7 | D        | Found a burning altar of Makhleb.
     7 | D        | Found an opulent altar of Gozag.
    49 | D        | Became a worshipper of Qazlal Stormbringer
    49 | D        | Reached * piety under Qazlal
    49 | D        | Reached ** piety under Qazlal
    66 | D        | Reached skill level 3 in Invocations
    66 | D        | Gained mutation: You have a pair of small antennae on your
                  | head. [demonic ancestry]
    66 | D        | Reached XP level 2. HP: 2/25 MP: 1/4
   205 | D        | Entered arena 2.
   205 | D        | Noticed a two-headed ogre
   205 | D        | Noticed a troll
   205 | D        | Found a transporter.
   208 | D        | Killed a troll
   209 | D        | Reached skill level 5 in Short Blades
   209 | D        | Reached skill level 5 in Dodging
   209 | D        | Reached skill level 7 in Invocations
   209 | D        | Gained mutation: You have a pair of antennae on your head.
                  | [demonic ancestry]
   209 | D        | Reached XP level 3. HP: 3/35 MP: 5/8
   209 | D        | Reached XP level 4. HP: 4/41 MP: 5/9
   209 | D        | Reached XP level 5. HP: 4/47 MP: 5/10
   211 | D        | Killed a two-headed ogre
   212 | D        | Reached skill level 10 in Invocations
   212 | D        | Gained mutation: You are partially covered in rugged brown
                  | scales. (AC +1, +3% HP) [demonic ancestry]
   212 | D        | Reached XP level 6. HP: 5/58 MP: 5/13
   212 | D        | Reached XP level 7. HP: 6/64 MP: 5/14
   222 | D        | Entered arena 3.
   222 | D        | Noticed a deep elf pyromancer
   222 | D        | Noticed a deep elf archer
   222 | D        | Noticed a deep elf pyromancer
   222 | D        | Found a transporter.
   225 | D        | Noticed a fire elemental
   227 | D        | Killed from afar by a deep elf pyromancer

Illustrated notes

Levels and vault maps discovered:
D:        sprint_v [room_start, room_1, room_2, room_3, room_4, room_5, room_6,
          room_7, room_8, room_9, room_10, room_11, room_12, room_13, room_14,
          room_15, room_16, room_17, room_18, room_19, room_20, room_21,
          room_22, room_23, room_24, room_25, room_26, room_27]

Skill      XL: |  1  2  3  4  5 |
---------------+----------------+-----
Fighting       | 4 6 8 |  8.8
Short Blades   | 3 5 8 |  8.0
Armour         | 2 |  2.4
Dodging        | 3 5 8 |  8.0
Shields        | 2 |  2.4
Invocations    | 3 7 10 | 10.6

Action                     |  1- 3 |  4- 6 |  7- 9 || total
---------------------------+-------+-------+-------++-------
  Melee: Broad axe         |     1 |     3 |     2 ||     6
         Maw               |       |     1 |     1 ||     2
    Use: Potion            |     2 |       |       ||     2
 Armour: Skin              |       |       |     1 ||     1
  Dodge: Dodged            |     1 |       |       ||     1
  Block: Kite shield       |     1 |     2 |     7 ||    10
   Form: Maw               |     1 |       |       ||     1

Table legend: (Time is in decaauts)
 A = Elapsed time spent in this place.
 B = Non-inter-level travel time spent in this place.
 C = Inter-level travel time spent in this place.
 D = Time resting spent in this place.
 E = Time spent auto-exploring this place.
 F = Levels seen in this place.
 G = Mean time per level.
                   A        B        C        D        E       F      G
               +--------+--------+--------+--------+--------+-----+--------+
         Total |    221 |    221 |      0 |    132 |      0 |   1 |  221.0 |
       Dungeon |    221 |    221 |      0 |    132 |      0 |   1 |  221.0 |
               +--------+--------+--------+--------+--------+-----+--------+

Top non-repeatable levels by time:
       D: 221 daAuts
